 Dungeon Crawl Stone Soup version 0.27-a0-1105-g946c659c87 (webtiles) character file.

Game seed: 14045414630155107695

152020 tardwrangler69 the Stormcaller (level 17, -6/96 HPs)
             Began as a Spriggan Air Elementalist on Apr 29, 2021.
             Was a High Priest of Vehumet.
             Mangled by a seven-headed hydra (8 damage)
             ... on level 4 of the Swamp.
             The game lasted 01:27:56 (57620 turns).

tardwrangler69 the Stormcaller (SpAE)              Turns: 57620, Time: 01:27:57

Health: -6/96      AC:  9    Str:  6    XL:     17   Next: 2%
Magic:  31/40      EV: 28    Int: 31    God:    Vehumet [*****.]
Gold:   3082       SH:  0    Dex: 17    Spells: 11/32 levels left

rFire    + + +     SeeInvis +   q - staff of air
rCold    + . .     Faith    .   (shield currently unavailable)
rNeg     . . .     Spirit   .   O - +0 robe {Archmagi}
rPois    +         Reflect  .   K - +3 hat of Pondering {ponderous, Will+ MP+10 Int+5}
rElec    +         Harm     .   f - scarf {rC+ rF+}
rCorr    +         Rampage  .   (gloves unavailable)
Will     +++..                  (boots unavailable)
Stlth    ++++......             u - amulet of magic regeneration
HPRegen  0.26/turn              Z - ring "Tuddim" {rPois rCorr Int+4}
MPRegen  0.52/turn              j - +4 ring of protection

@: very quick
A: very small, no large weapons, unfitting armour, see invisible, speed 3, fire
resistance 2, mutation resistance 1, strong 1
a: Renounce Religion


You were on level 4 of the Swamp.
You worshipped Vehumet.
Vehumet was extremely pleased with you.
You visited 6 branches of the dungeon, and saw 31 of its levels.
You also visited: Sewer and Gauntlet.

You collected 3130 gold pieces.
You spent 48 gold pieces at shops.

Inventory:

Hand Weapons
 V - the +5 spear of Niysitz {elec, rElec rF+ rC+}
   (You found it on level 10 of the Dungeon)

   Occasionally, upon striking a foe, it can discharge electrical energy and
   cause terrible harm.
   It protects you from fire.
   It protects you from cold.
   It insulates you from electricity.
Missiles
 A - 3 curare-tipped darts
 P - a throwing net
 W - 2 boomerangs of dispersal
Armour
 f - a scarf of resistance (worn)
 g - +0 steam dragon scales
 k - the +4 robe of Wyteih {*Corrode +Inv rElec Will+ Int+4}
   (You found it on level 15 of the Dungeon)

   It affects your intelligence (+4).
   It insulates you from electricity.
   It lets you turn invisible.
   It may corrode you when you take damage.
   It increases your willpower.
 H - a +2 buckler
 I - +0 swamp dragon scales
 K - the +3 hat of Pondering (worn) {ponderous, Will+ MP+10 Int+5}
   (You took it off Gastronok on level 3 of the Lair of Beasts)

   It affects your intelligence (+5).
   It affects your magic capacity (+10).
   It increases your willpower.
 O - a +0 robe of the Archmagi (worn)
Magical Staves
 q - a staff of air (weapon)
Jewellery
 a - a +6 ring of intelligence
 c - an amulet of reflection
 j - a +4 ring of protection (right hand)
 u - an amulet of magic regeneration (around neck)
 v - the ring "Qyodoz" {Str+4 Dex+6}
   (You found it in a Gauntlet)

   [ring of dexterity]

   It affects your strength (+4).
   It affects your dexterity (+6).
 w - the ring of Propriety {rC+ rN+ Will+ MP+9}
   (You found it on level 3 of the Spider Nest)

   [ring of magical power]

   It protects you from cold.
   It protects you from negative energy.
   It affects your magic capacity (+9).
   It increases your willpower.
 x - a +6 ring of strength
 D - a +6 ring of intelligence
 R - a ring of magical power
 Z - the ring "Tuddim" (left hand) {rPois rCorr Int+4}
   (You found it on level 15 of the Dungeon)

   [ring of resist corrosion]

   It affects your intelligence (+4).
   It protects you from poison.
   It protects you from acid and corrosion.
Wands
 s - a wand of digging (9)
 z - a wand of acid (8)
Scrolls
 d - 6 scrolls of magic mapping
 i - 3 scrolls of silence
 o - a scroll of holy word
 y - 2 scrolls of fear
 E - 5 scrolls of enchant armour
 G - 3 scrolls of amnesia
 M - 10 scrolls of identify
 N - 13 scrolls of teleportation
 Q - 5 scrolls of fog
 U - 6 scrolls of enchant weapon
Potions
 b - 4 potions of resistance
 e - 7 potions of heal wounds
 h - 2 potions of lignification
 l - 2 potions of attraction
 m - 5 potions of berserk rage
 n - 14 potions of curing
 p - a potion of magic
 r - 2 potions of cancellation
 t - 3 potions of brilliance
 B - 4 potions of haste
 C - 3 potions of ambrosia
 F - 2 potions of invisibility
 J - 6 potions of mutation
 L - 4 potions of flight
 Y - a potion of might


   Skills:
 - Level 13.7 Fighting
 - Level 15.0 Dodging
 - Level 7.6 Stealth
 - Level 7.2 Shields
 - Level 8.0 Spellcasting
 - Level 0.6 Conjurations
 - Level 3.0 Summonings
 + Level 16.8 Air Magic
 - Level 8.0 Poison Magic


You had 11 spell levels left.
You knew the following spells:

 Your Spells              Type           Power      Damage    Failure   Level
a - Shock                 Conj/Air       100%       1d9       1%          1
b - Airstrike             Air            66%        N/A       1%          4
c - Olgreb's Toxic Radia  Pois           75%        N/A       1%          4
d - Ignite Poison         Fire/Tmut/Pois 43%        N/A       1%          3
e - Summon Lightning Spi  Summ/Air       100%       N/A       1%          4
f - Lightning Bolt        Conj/Air       50%        1d71      1%          5

Your spell library contained the following spells:

 Spells                   Type           Power      Damage    Failure   Level
 Eringya's Noxious Bog    Tmut/Pois      27%        N/A       28%         6
 Swiftness                Air            100%       N/A       0%          3
 Foxfire                  Conj/Fire      84%        2x1d8     1%          1
 Magic Dart               Conj           96%        1d7       1%          1
 Sting                    Tmut/Pois      100%       1d8       1%          1
 Summon Small Mammal      Summ           100%       N/A       1%          1
 Call Imp                 Summ           46%        N/A       1%          2
 Poisonous Vapours        Pois/Air       100%       N/A       1%          2
 Searing Ray              Conj           48%        3d5       1%          2
 Static Discharge         Conj/Air       100%       N/A       1%          2
 Mephitic Cloud           Conj/Pois/Air  98%        N/A       1%          3
 Call Canine Familiar     Summ           46%        N/A       3%          3
 Conjure Flame            Conj/Fire      21%        6-21      3%          3
 Dazzling Flash           Conj/Hex       42%        N/A       3%          3
 Inner Flame              Hex/Fire       18%        N/A       3%          3
 Silence                  Hex/Air        49%        N/A       3%          5
 Conjure Ball Lightning   Conj/Air       50%        3x3d17    4%          6
 Blink                    Tloc           N/A        N/A       6%          2
 Slow                     Hex            18%        N/A       6%          2
 Summon Guardian Golem    Hex/Summ       32%        N/A       6%          3
 Fulminant Prism          Conj/Hex       10%        3d9       10%         4
 Iskenderun's Mystic Bla  Conj/Tloc      21%        2d6       10%         4
 Sticky Flame             Conj/Fire      21%        2d4       10%         4
 Confusing Touch          Hex            18%        N/A       12%         3
 Gell's Gravitas          Tloc           9%         N/A       12%         3
 Lesser Beckoning         Tloc           9%         N/A       12%         3
 Teleport Other           Tloc           18%        N/A       12%         3
 Freezing Cloud           Conj/Ice/Air   41%        6-21      16%         6
 Summon Ice Beast         Ice/Summ       32%        N/A       22%         4
 Fireball                 Conj/Fire      10%        3d6       24%         5
 Yara's Violent Unravell  Hex/Tmut       9%         3d6       28%         5
 Petrify                  Tmut/Erth      18%        N/A       36%         4
 Tornado                  Air            66%        N/A       67%         9
 Manifold Assault         Tloc           18%        N/A       73%         5
 Metabolic Englaciation   Hex/Ice        9%         N/A       73%         5
 Starburst                Conj/Fire      10%        8x6d5     77%         6
 Chain Lightning          Conj/Air       50%        N/A       83%         8
 Ignition                 Fire           9%         3d5       100%        8
 Lehudib's Crystal Spear  Conj/Erth      10%        10d4      100%        8
 Absolute Zero            Ice            9%         ∞         100%        9
 Fire Storm               Conj/Fire      10%        8d3       100%        9


Dungeon Overview and Level Annotations

Branches:
Dungeon (15/15)            Temple (1/1) D:7            Lair (6/6) D:9
  Swamp (4/4) Lair:4       Spider (3/4) Lair:3        Slime (0/5) Lair:5
    Orc (2/2) D:11            Elf (0/3) Orc:2        Vaults (0/5) D:14
 Depths (0/5) D:15          Sewer (visited)         Gauntlet (visited)

Altars:
Ashenzari
Cheibriados
Dithmenos
Elyvilon
Fedhas
Gozag
Hepliaklqana
Kikubaaqudgha
Makhleb
Nemelex Xobeh
Okawaru
Qazlal
Ru
Sif Muna
Trog
Uskayaw
Vehumet
Wu Jian
Xom
Yredelemnul
Zin
The Shining One
Beogh

Shops:
D:6 !   D:14 *   D:15 *   Orc:1 *   Orc:2 (*[:

Portals:
Trove: D:10 (give 7 potions of haste)

Annotations:
D:2 Terence
D:5 2 transporters
D:15 Roxanne
Spider:3 Azrael


Innate Abilities, Weirdness & Mutations

You are very small and have problems with some larger weapons.
You are too small for most types of armour.
You have supernaturally acute eyesight. (SInv)
You cover ground extremely quickly. (Speed+++)
Your flesh is very heat resistant. (rF++)
You are somewhat resistant to further mutation.
Your muscles are strong. (Str +2)


Message History

The seven-headed hydra bites you but does no damage.
The seven-headed hydra completely misses you. x2
There is a stone staircase leading up here.
Casting: Airstrike (safe; 1% risk of failure)
Confirm with . or Enter, or press ? or * to list all spells.
Aiming: Airstrike (safe; 1% risk of failure)
Press: ? - help, Dir - move target, f/p - seven-headed hydra
Aim: a seven-headed hydra (severely wounded)
You feel a strong surge of power!
The air twists around and strikes the seven-headed hydra!
The seven-headed hydra is almost dead.
The seven-headed hydra misses you.
The seven-headed hydra barely misses you.
The seven-headed hydra bites you!
* * * LOW HITPOINT WARNING * * *
The seven-headed hydra closely misses you.
The seven-headed hydra bites you.
* * * LOW HITPOINT WARNING * * *
The seven-headed hydra bites you!
* * * LOW HITPOINT WARNING * * *
The seven-headed hydra barely misses you.
Okay, then.
You feel much better.
The seven-headed hydra closely misses you.
The seven-headed hydra bites you.
* * * LOW HITPOINT WARNING * * *
The seven-headed hydra misses you.
The seven-headed hydra completely misses you.
The seven-headed hydra bites you but does no damage.
The seven-headed hydra bites you.
* * * LOW HITPOINT WARNING * * *
The seven-headed hydra completely misses you.
The seven-headed hydra bites you!
* * * LOW HITPOINT WARNING * * *
The seven-headed hydra bites you but does no damage. x2
The seven-headed hydra bites you!
* * * LOW HITPOINT WARNING * * *
The seven-headed hydra completely misses you.
The seven-headed hydra misses you. The seven-headed hydra bites you!
You die...

..♣...♣ ..♣...♣
≈♣♣..♣♣♣ .≈.≈≈♣.♣♣
..≈.♣≈≈.♣ ..≈≈≈≈≈≈♣♣
.≈÷.≈≈...♣ ♣♣♣♣♣
.≈...≈♣.♣♣♣ ♣♣♣.≈.♣
≈÷.≈..<..§♣♣♣ ♣≈@...♣
..≈..♣♣≈.≈≈≈♣♣♣DD.♣♣♣
...≈..♣♣.≈n≈≈≈.≈≈≈.♣♣
.♣≈....♣♣≈§≈.)≈≈≈≈≈.♣
≈.♣.≈.♣♣♣♣♣♣..≈≈≈≈≈≈♣♣
..♣♣... ♣♣≈≈♣≈.≈≈≈≈≈.♣
♣♣
♣♣.♣♣♣≈...<≈..§≈≈.♣♣♣
♣♣♣♣♣..≈≈≈≈≈§§≈≈..♣
♣.♣♣..≈≈≈≈≈≈≈≈≈≈.♣


You could see 2 seven-headed hydras.

Vanquished Creatures
  Jorgrun (D:13)
  Gastronok (Lair:3)
  3 thorn hunters
  Kirke (D:13)
  Frances (Swamp:1)
  Agnes (D:15)
  Donald (Swamp:1)
  2 fenstrider witches
  An emperor scorpion (Spider:1)
  3 orc warlords
  A stone giant (D:15)
  An entropy weaver (Spider:1)
  A bunyip (Swamp:1)
  3 eleionomae
  Harold (Lair:2)
  4 vault guards (D:14)
  Erolcha (D:13)
  6 hydras
  2 boulder beetles
  2 death knights
  4 centaur warriors
  An anaconda (D:15)
  4 alligators (Swamp:3)
  A ghost crab (Swamp:3)
  4 two-headed ogres
  A death yak (D:9)
  2 tengu warriors
  An orc high priest (Orc:2)
  Urug (Lair:4)
  Sonja (Lair:6)
  A skeletal warrior (D:14)
  4 goliath frogs
  3 spriggan druids
  4 swamp dragons
  5 bog bodies
  A deep troll (D:15)
  2 wizards
  7 orc knights
  A deep elf zephyrmancer (D:14)
  A deep elf pyromancer (D:15)
  3 orb spiders
  9 will-o-the-wisps
  4 cyclopes
  3 orc sorcerers
  8 ugly things
  5 wolf spiders
  A shining eye (Gauntlet)
  A moth of wrath (Spider:2)
  A manticore (D:11)
  6 oklob plants
  10 elephants
  3 black mambas
  A naga mage (D:15)
  2 gargoyles
  8 cane toads
  A komodo dragon (shapeshifter) (D:8)
  8 komodo dragons
  A yaktaur (D:14)
  3 freezing wraiths
  Maggie (Lair:1)
  2 kobold demonologists (D:12)
  2 ice devils (D:15)
  2 efreet
  2 demonic crawlers
  2 tengu conjurers
  2 bloated husks (Swamp:2)
  7 trolls
  8 polar bears
  8 jumping spiders
  3 meliai (D:15)
  17 hornets
  10 tyrant leeches
  20 blink frogs
  15 dream sheep
  21 spriggans
  24 redbacks
  A vampire (D:10)
  10 tarantellas
  A basilisk (Lair:5)
  3 wyverns
  5 wraiths
  40 yaks
  Eustachio (D:4)
  The ghost of voltaire321 the Poker, an amateur MfGl (D:3)
  A hog (D:13)
  5 steam dragons
  9 vampire mosquitoes
  18 water moccasins
  14 swamp worms
  2 wargs (Orc:1)
  Duvessa (D:4)
  2 acid dragons
  Purgy (Sewer)
  10 swamp drakes
  47 orc warriors
  An ice beast (D:4)
  4 sky beasts
  7 ogres
  30 wolves
  2 black bears
  2 necrophages
  A hornet zombie (D:7)
  4 boggarts (Lair:6)
  15 centaurs
  A phantom (D:5)
  8 kobold brigands
  A gnoll sergeant (D:11)
  13 bullfrogs
  4 scorpions
  Dowan (D:4)
  A troll zombie (Swamp:1)
  16 killer bees
  2 wights (D:7)
  An electric eel (Spider:2)
  2 troll skeletons (Swamp:1)
  4 howler monkeys
  4 centaur zombies
  4 hounds
  2 jellies
  17 orc priests
  A bullfrog skeleton (D:6)
  5 iguanas
  A gnoll shaman (D:8)
  Ijyb (D:4)
  28 orc wizards
  9 hell rats
  2 killer bee zombies
  A hound skeleton (D:4)
  A howler monkey zombie (D:9)
  15 gnolls
  10 adders
  2 river rats (D:9)
  2 shadow imps
  4 white imps
  An ufetubus (D:6)
  2 dart slugs (D:2)
  105 orcs
  7 ball pythons
  8 endoplasms
  6 giant cockroaches
  7 goblins
  7 hobgoblins
  6 jackals
  34 kobolds
  6 quokkas
  10 bats
  6 frilled lizards
  5 rats
921 creatures vanquished.

Vanquished Creatures (collateral kills)
  2 eleionomae (Swamp:3)
  2 tengu warriors (D:13)
  A cyclops (D:13)
  A troll (D:12)
  A redback (Spider:2)
  2 hogs (D:13)
  An acid dragon (D:12)
10 creatures vanquished.

Vanquished Creatures (others)
  An ugly thing (D:14)
  2 bloated husks
  An orc wizard (Orc:1)
  A kobold (D:14)
  14 foxfires
  14 fungi
  35 plants
68 creatures vanquished.

Grand Total: 999 creatures vanquished

Notes
Turn   | Place    | Note
-------+----------+-------------------------------------------
     0 | D:1      | tardwrangler69 the Spriggan Air Elementalist began the
                  | quest for the Orb.
     0 | D:1      | Reached XP level 1. HP: 9/9 MP: 5/5
    29 | D:1      | Reached skill level 3 in Air Magic
   400 | D:1      | Reached XP level 2. HP: 13/13 MP: 2/6
   536 | D:1      | Found Qaschoy's Book Shop.
  1481 | D:2      | Reached XP level 3. HP: 16/16 MP: 4/8
  1629 | D:2      | Reached skill level 4 in Air Magic
  1900 | D:2      | Found a faded altar of an unknown god.
  2035 | D:2      | Noticed Terence
  2942 | D:3      | Reached XP level 4. HP: 21/21 MP: 0/9
  3069 | D:3      | Found a runed translucent gate.
  3069 | D:3      | Noticed voltaire321's ghost (amateur MfGl)
  3071 | D:3      | Found a runed translucent gate.
  3071 | D:3      | Found a runed translucent gate.
  3772 | D:3      | Reached skill level 5 in Air Magic
  4285 | D:3      | Reached XP level 5. HP: 24/24 MP: 6/10
  4983 | D:4      | Noticed an ice beast
  5234 | D:4      | Found a burning altar of Makhleb.
  5500 | D:4      | Noticed Ijyb
  5758 | D:4      | Noticed Duvessa
  5758 | D:4      | Noticed Eustachio
  5759 | D:4      | Noticed Dowan
  6244 | D:4      | Killed Eustachio
  6245 | D:4      | Reached XP level 6. HP: 26/28 MP: 0/13
  6507 | D:4      | Killed an ice beast
  6508 | D:4      | Reached skill level 5 in Spellcasting
  6508 | D:4      | Reached skill level 6 in Air Magic
  6821 | D:5      | Entered Level 5 of the Dungeon
  6889 | D:5      | Found a transporter.
  6906 | D:5      | Found a glowing drain.
  6978 | Sewer    | Entered a sewer
  7046 | Sewer    | Noticed Purgy
  7066 | Sewer    | Learned a level 4 spell: Airstrike
  7077 | Sewer    | Killed Purgy
  7078 | Sewer    | Reached XP level 7. HP: 32/32 MP: 3/16
  7647 | D:5      | Found a transporter.
  8560 | D:6      | Reached XP level 8. HP: 36/36 MP: 7/21
  8652 | D:6      | Reached skill level 7 in Air Magic
  9148 | D:6      | You fall into a shaft and drop 2 floors!
  9225 | D:8      | Identified a scroll of acquirement
  9225 | D:8      | Acquired a book of Spatial Translocations
  9292 | D:8      | Reached skill level 8 in Air Magic
  9832 | D:8      | Noticed a komodo dragon
 10132 | D:8      | Reached skill level 9 in Air Magic
 10469 | D:7      | Reached XP level 9. HP: 39/39 MP: 6/22
 11190 | D:7      | Reached skill level 10 in Air Magic
 11454 | D:7      | Found a staircase to the Ecumenical Temple.
 11537 | Temple   | Entered the Ecumenical Temple
 11817 | Temple   | Became a worshipper of Vehumet
 12143 | D:7      | Identified the +2 hat of Dice, Bag, and Bottle {rCorr Str+3
                  | Int-5}
 12899 | D:9      | Noticed a death yak
 13201 | D:9      | Reached skill level 5 in Dodging
 14213 | D:9      | Found a staircase to the Lair.
 14338 | D:9      | Noticed a death yak
 14346 | D:9      | Noticed a death yak
 14588 | D:3      | Killed voltaire321's ghost
 14589 | D:3      | Reached XP level 10. HP: 44/44 MP: 6/23
 17505 | D:4      | Killed Ijyb
 17941 | D:4      | Killed Duvessa
 17945 | D:4      | Killed Dowan
 18053 | D:4      | Found a burning altar of Makhleb.
 18838 | D:5      | Found a transporter.
 18941 | D:5      | Found a transporter.
 19597 | D:5      | Reached skill level 10 in Dodging
 19738 | D:6      | Reached * piety under Vehumet
 19738 | D:6      | Offered knowledge of Sandblast by Vehumet.
 19892 | D:6      | Reached skill level 1 in Fighting
 20761 | D:6      | Found Peusseka's Distillery.
 21308 | D:10     | Entered Level 10 of the Dungeon
 21315 | D:10     | Noticed a cyclops
 21315 | D:10     | Noticed a two-headed ogre
 21422 | D:9      | Killed a death yak
 21423 | D:9      | Reached skill level 5 in Stealth
 22031 | D:9      | Found a staircase to the Lair.
 22650 | Lair:1   | Entered Level 1 of the Lair of Beasts
 22650 | Lair:1   | Found a gate leading to a gauntlet.
 22658 | Gauntlet | Entered a Gauntlet
 22658 | Gauntlet | Found a transporter.
 22658 | Gauntlet | Found a transporter.
 22668 | Gauntlet | Noticed a shining eye
 22752 | Gauntlet | Found a transporter.
 22770 | Gauntlet | Found a transporter.
 22770 | Gauntlet | Found a transporter.
 22770 | Gauntlet | Found a transporter.
 22772 | Gauntlet | Found a transporter.
 22772 | Gauntlet | Found a transporter.
 22774 | Gauntlet | Noticed an obsidian statue
 22787 | Gauntlet | Found a transporter.
 22802 | Gauntlet | Found a transporter.
 22809 | Gauntlet | Noticed a gargoyle
 22810 | Gauntlet | Found a runed translucent door.
 22812 | Gauntlet | Found a transporter.
 22812 | Gauntlet | Noticed a catoblepas
 22813 | Gauntlet | Noticed a molten gargoyle
 22814 | Gauntlet | Found a runed translucent door.
 22815 | Gauntlet | Noticed a molten gargoyle
 22825 | Gauntlet | Noticed a gargoyle
 22827 | Gauntlet | Found a transporter.
 22847 | Gauntlet | Found a transporter.
 22848 | Gauntlet | Found a runed translucent door.
 22855 | Gauntlet | Noticed a spectral four-headed hydra
 22861 | Gauntlet | Noticed a death scarab
 22862 | Gauntlet | Found a transporter.
 22890 | Gauntlet | Gained mutation: You are dopey. (Int -2) [a shining eye]
 22893 | Gauntlet | Gained mutation: You are occasionally teleported next to
                  | monsters. [a shining eye]
 22894 | Gauntlet | Killed a shining eye
 22898 | Gauntlet | Lost mutation: You are dopey. (Int -2) [potion of mutation]
 22898 | Gauntlet | Lost mutation: You are occasionally teleported next to
                  | monsters. [potion of mutation]
 22898 | Gauntlet | Gained mutation: Your flesh is heat resistant. (rF+)
                  | [potion of mutation]
 22898 | Gauntlet | Gained mutation: Your muscles are strong. (Str +2) [potion
                  | of mutation]
 22898 | Gauntlet | Gained mutation: Your flesh is very heat resistant. (rF++)
                  | [potion of mutation]
 22898 | Gauntlet | Gained mutation: You are somewhat resistant to further
                  | mutation. [potion of mutation]
 23194 | Gauntlet | Noticed a smoke demon
 23195 | Gauntlet | Noticed a rust devil
 23200 | Gauntlet | Identified the ring "Qyodoz" {Str+4 Dex+6}
 23322 | Gauntlet | Noticed a minotaur
 24920 | Lair:1   | Reached skill level 5 in Fighting
 24959 | Lair:1   | Learned a level 4 spell: Olgreb's Toxic Radiance
 25014 | Lair:1   | Noticed Maggie
 25018 | Lair:1   | Killed Maggie
 25019 | Lair:1   | Reached skill level 1 in Poison Magic
 25085 | Lair:1   | Noticed an oklob plant
 25127 | Lair:1   | Offered knowledge of Searing Ray by Vehumet.
 25264 | Lair:1   | Noticed a cane toad
 25274 | Lair:1   | Killed a cane toad
 25275 | Lair:1   | Reached XP level 11. HP: 49/56 MP: 10/24
 25276 | Lair:1   | Reached ** piety under Vehumet
 25447 | D:10     | Found a portal to a secret trove of treasure.
 26492 | Lair:2   | Noticed Harold
 27468 | Lair:3   | You fall into a shaft and drop 3 floors!
 27468 | Lair:6   | Entered Level 6 of the Lair of Beasts
 27481 | Lair:6   | Reached skill level 5 in Poison Magic
 27578 | Lair:6   | Noticed Sonja
 27613 | Lair:5   | Offered knowledge of Frozen Ramparts by Vehumet.
 28074 | Lair:4   | Noticed Urug
 28169 | Lair:4   | Noticed a swamp dragon
 28214 | Lair:4   | Killed a swamp dragon
 28380 | Lair:3   | Reached *** piety under Vehumet
 28518 | Lair:3   | Found a hole to the Spider Nest.
 28564 | Lair:3   | Reached XP level 12. HP: 65/65 MP: 3/25
 29042 | Lair:3   | Noticed Gastronok
 29145 | Lair:3   | Noticed an eight-headed hydra
 29166 | Lair:3   | Killed an eight-headed hydra
 29413 | Lair:3   | Killed Gastronok
 29432 | Lair:3   | Learned a level 3 spell: Ignite Poison
 29806 | Lair:4   | Found a staircase to the Swamp.
 29889 | Lair:4   | Reached skill level 10 in Fighting
 29956 | Lair:4   | Offered knowledge of Iskenderun's Mystic Blast by Vehumet.
 30870 | Lair:5   | Found a staircase to the Slime Pits.
 31529 | Lair:6   | Reached **** piety under Vehumet
 31558 | Lair:6   | Reached XP level 13. HP: 73/74 MP: 4/26
 31779 | Lair:6   | Killed Sonja
 31885 | Lair:6   | Offered knowledge of Irradiate by Vehumet.
 31892 | Lair:6   | Learned a level 4 spell: Summon Lightning Spire
 32077 | Lair:6   | Reached skill level 1 in Summonings
 32464 | Lair:6   | Reached ***** piety under Vehumet
 32464 | Lair:6   | Offered knowledge of Orb of Destruction by Vehumet.
 33589 | Lair:6   | Found a white marble altar of Elyvilon.
 33838 | Lair:4   | Killed Urug
 33956 | Lair:2   | Killed Harold
 35044 | D:8      | Reached XP level 14. HP: 81/81 MP: 27/27
 35895 | D:10     | Identified the +5 spear of Niysitz {elec, rElec rF+ rC+}
 36446 | D:11     | Found a staircase to the Orcish Mines.
 36465 | D:11     | Reached skill level 15 in Dodging
 37715 | D:12     | Reached skill level 1 in Shields
 38370 | D:12     | You fall into a shaft and drop 1 floor!
 38748 | D:13     | Offered knowledge of Ozocubu's Refrigeration by Vehumet.
 38849 | D:13     | Noticed Kirke
 38866 | D:13     | Killed Kirke
 39409 | D:13     | Found a hazy altar of Hepliaklqana.
 39629 | D:13     | Noticed Jorgrun
 39637 | D:13     | Killed Jorgrun
 39699 | D:13     | Noticed Erolcha
 39704 | D:13     | Killed Erolcha
 40027 | D:14     | Found Ysuusahi's General Store.
 40433 | Orc:1    | Entered Level 1 of the Orcish Mines
 40433 | Orc:1    | Noticed an orc warlord
 40439 | Orc:1    | Killed an orc warlord
 40659 | Orc:1    | Found Nogudaul's General Store.
 40795 | Orc:2    | Entered Level 2 of the Orcish Mines
 40799 | Orc:2    | Offered knowledge of Bolt of Magma by Vehumet.
 41001 | Orc:1    | Reached skill level 5 in Shields
 41001 | Orc:1    | Reached skill level 11 in Air Magic
 41189 | Orc:2    | Reached XP level 15. HP: 87/87 MP: 23/28
 41392 | Orc:2    | Found a staircase to the Elven Halls.
 41793 | Orc:2    | Noticed an orc warlord
 41799 | Orc:2    | Killed an orc warlord
 42251 | Orc:2    | Found Hum Ciass's Antique Armour Shoppe.
 42273 | Orc:2    | Found Lacokoog's Book Shoppe.
 42293 | Orc:2    | Found Featev's General Store.
 42311 | Orc:2    | Bought a scroll of teleportation for 48 gold pieces
 42439 | Orc:2    | Found Likymm's Antique Weapon Shoppe.
 42775 | Orc:1    | Noticed an orc warlord
 42782 | Orc:1    | Killed an orc warlord
 42790 | Orc:1    | Reached ****** piety under Vehumet
 42790 | Orc:1    | Offered knowledge of Iskenderun's Battlesphere by Vehumet.
 44075 | D:14     | Found a gate to the Vaults.
 44505 | D:14     | Reached skill level 12 in Air Magic
 44537 | D:14     | Found a sacrificial altar of Ru.
 45624 | D:15     | Entered Level 15 of the Dungeon
 45625 | D:15     | Noticed Agnes
 45631 | D:15     | Killed Agnes
 45828 | D:15     | Identified the +4 robe of Wyteih {*Corrode +Inv rElec Will+
                  | Int+4}
 45828 | D:15     | Identified the ring "Tuddim" {rPois rCorr Int+4}
 45861 | D:15     | Noticed Roxanne
 46527 | D:15     | Found a staircase to the Depths.
 46896 | D:15     | Reached skill level 13 in Air Magic
 47178 | D:15     | Found Ceozoroucwe's Serpentskin Sales.
 47768 | Spider:1 | Entered Level 1 of the Spider Nest
 48932 | Lair:3   | Learned a level 5 spell: Lightning Bolt
 49193 | Spider:1 | Reached XP level 16. HP: 92/92 MP: 26/29
 49610 | Spider:2 | You fall into a shaft and drop 1 floor!
 49611 | Spider:3 | Acquired a staff of air
 49652 | Spider:3 | Offered knowledge of Iron Shot by Vehumet.
 49898 | Spider:3 | Identified the ring of Propriety {rC+ rN+ Will+ MP+9}
 50043 | Spider:2 | Reached skill level 14 in Air Magic
 50829 | Spider:3 | Noticed Azrael
 50984 | Swamp:1  | Entered Level 1 of the Swamp
 51846 | Swamp:1  | Noticed Frances
 51876 | Swamp:1  | Noticed Donald
 51928 | Swamp:1  | Noticed a thorn hunter
 51936 | Swamp:1  | Killed a thorn hunter
 52443 | Swamp:1  | Killed Frances
 52677 | Swamp:1  | Killed Donald
 52678 | Swamp:1  | Reached skill level 15 in Air Magic
 53537 | Swamp:2  | Offered knowledge of Eringya's Noxious Bog by Vehumet.
 54729 | Swamp:3  | Reached skill level 16 in Air Magic
 55334 | Swamp:4  | Entered Level 4 of the Swamp
 56259 | Swamp:4  | Noticed a thorn hunter
 56265 | Swamp:4  | Killed a thorn hunter
 56522 | Swamp:4  | Acquired a book of Annihilations
 56546 | Swamp:4  | Noticed a thorn hunter
 56552 | Swamp:4  | Killed a thorn hunter
 56559 | Swamp:4  | Reached XP level 17. HP: 96/96 MP: 9/30
 57620 | Swamp:4  | HP: 2/96 [seven-headed hydra (11)]
 57620 | Swamp:4  | Mangled by a seven-headed hydra

Illustrated notes

Levels and vault maps discovered:
D:1:      lemuel_arrival_broad_hall, layout_loops_corners, serial_shops, shop,
          minmay_misc_feat_ornament
D:2:      layout_basic, hellmonk_ecumenical_altar_crossroads, minivault_25,
          uniq_terence
D:3:      layout_basic, gammafunk_ghost_split, chequers_serial_rivers_large_b,
          chequers_serial_rivers_micro_a
D:4:      layout_layer_cave, lemuel_crystal_altar, uniq_duvessa, uniq_ijyb,
          uniq_eustachio
D:5:      gammafunk_cloud_chamber, layout_loops_ring, gup_sewer_entry_pipe,
          hangedman_abyss_or_decor_slice
D:6:      cheibrodos_thug_alley, layout_basic, serial_shops,
          nicolae_shop_behind_doors
D:7:      layout_loops_ring, minmay_temple_entry_mist
D:8:      minmay_the_grid_octo_tiled_squarecenter
          [minmay_the_grid_octo_clover_2, minmay_the_grid_octo_checkerflower,
          minmay_the_grid_octo_concentric, minmay_the_grid_octo_fan_narrow,
          minmay_the_grid_square_5x5_megaprize_hollow,
          minmay_the_grid_square_5x5_intrusive_squares,
          minmay_the_grid_square_5x5_half_checkered,
          minmay_the_grid_square_5x5_detours,
          minmay_the_grid_square_5x5_minivault], layout_basic
D:9:      layout_long_grid, dpeg_lair_monsters, kennysheep_opposing_triangles
D:10:     layout_big_octagon, nicolae_trove_entry_free_sample, eino_jars
D:11:     layout_roguey, orc_0_dummy
D:12:     layout_basic
D:13:     layout_irregular_city, serial_column_ruins, column_ruins_hut,
          column_ruins_columns_straight, column_ruins_grid_1,
          column_ruins_corridor_dead_end, column_ruins_open_large,
          column_ruins_grid_1, column_ruins_open_medium,
          nicolae_hepliaklqana_hippocampus, uniq_jorgrun, uniq_erolcha,
          uniq_kirke
D:14:     layout_loops_ring, grunt_vaults_entry_fortified,
          nicolae_ru_awakened_eye, serial_shops, shop_fountains,
          hangedman_stone_soup
D:15:     hangedman_depths_entry_civil_slaughter, layout_irregular_city,
          portal_ice_cave_demonic_guard, guppyfry_shop_venom, uniq_roxanne,
          uniq_agnes
Temple:   roderic_octagonal_lattice_temple
Lair:1:   layout_misc_corridors, gauntlet_entry_generic, grunt_megastairs_4,
          minmay_lair_oklob_chamber, uniq_maggie
Lair:2:   layout_small_grid, infiniplex_staircase_pool_2, grunt_megastairs_1,
          uniq_harold
Lair:3:   layout_regular_city, spider_nest_entry_a, uniq_gastronok
Lair:4:   layout_hall_layers, minmay_swamp_entry_reptiles, uniq_urug
Lair:5:   layout_roguey, minmay_slime_entry_oklob_enclosed, serial_bayou_shore_a
Lair:6:   minmay_lair_end_enchanted_forest, layout_cave_pods, basic_altar,
          infiniplex_staircase_pool, lemuel_fruit_tree, uniq_sonja
Swamp:1:  layout_basic_swamp, evilmike_swamp_ruin_house_3, swamp_pool5,
          cheibrodos_swamp_minitomb, uniq_donald, uniq_frances
Swamp:2:  layout_falls_marsh, evilmike_swamp_ruin_house_5
Swamp:3:  layout_basic_swamp, serial_swamp_ruin, evilmike_swamp_ruin_rubble_1,
          evilmike_swamp_ruin_house_1, evilmike_swamp_ruin_house_2, swamp_pool5
Swamp:4:  swamp_basic_johnstein, layout_basic_swamp
Spider:1: layout_spider_delve
Spider:2: layout_spider_delve, hangedman_spider_tarantella_strand
Spider:3: layout_spider_delve, uniq_arachne, uniq_azrael
Orc:1:    layout_caves, basic_altar, serial_shops, shop, minmay_orc_temple_a
Orc:2:    grunt_orc_cross, layout_caves

Skill      XL: |  1  2  3  4  5  6  7  8  9 10 11 12 13 14 15 16 |
---------------+-------------------------------------------------+-----
Air Magic      | 3 4 5 6 9 10 11 13 16 | 16.8
Spellcasting   | 4 5 8 |  8.0
Dodging        | 9 10 11 14 15 | 15.0
Fighting       | 5 8 11 12 13 | 13.7
Stealth        | 7 |  7.6
Poison Magic   | 2 7 8 |  8.0
Summonings     | 3 |  3.0
Shields        | 5 7 |  7.2
Conjurations   | |  0.6

Action                   |  1- 3 |  4- 6 |  7- 9 | 10-12 | 13-15 | 16-18 || total
-------------------------+-------+-------+-------+-------+-------+-------++-------
Melee: Dagger            |    14 |       |       |       |       |       ||    14
       Spear             |     2 |    19 |    10 |    22 |    53 |       ||   106
       Staff             |       |       |       |       |       |     7 ||     7
 Cast: Shock             |   105 |   161 |    46 |    15 |       |       ||   327
       Airstrike         |       |     3 |   154 |   400 |   841 |   320 ||  1718
       Olgreb's Toxic Ra |       |       |       |    10 |    86 |    16 ||   112
       Ignite Poison     |       |       |       |     5 |    57 |     9 ||    71
       Summon Lightning  |       |       |       |       |    13 |     6 ||    19
       Lightning Bolt    |       |       |       |       |     4 |    23 ||    27
  Use: Scroll            |     2 |     3 |     7 |    11 |     8 |     3 ||    34
       Potion            |       |       |     6 |     7 |     1 |     2 ||    16
 Stab: Distracted        |       |       |       |     1 |       |       ||     1
Armor: Robe              |     1 |    11 |    18 |       |     3 |    15 ||    48
       Steam dragon scal |       |       |     5 |    15 |       |       ||    20
       Swamp dragon scal |       |       |       |    14 |    25 |       ||    39
Dodge: Dodged            |    30 |    71 |    99 |   109 |   168 |   119 ||   596
Block: Buckler           |       |       |       |       |    34 |     2 ||    36

Table legend: (Time is in decaauts)
 A = Elapsed time spent in this place.
 B = Non-inter-level travel time spent in this place.
 C = Inter-level travel time spent in this place.
 D = Time resting spent in this place.
 E = Time spent auto-exploring this place.
 F = Levels seen in this place.
 G = Mean time per level.
                   A        B        C        D        E       F      G
               +--------+--------+--------+--------+--------+-----+--------+
         Total |  47603 |  45742 |   1861 |   6979 |  33132 |  33 | 1442.5 |
       Dungeon |  26330 |  25177 |   1153 |   3517 |  18792 |  15 | 1755.3 |
        Temple |    185 |    169 |     16 |      0 |    166 |   1 |  185.0 |
          Lair |   8035 |   7720 |    315 |   1173 |   5436 |   6 | 1339.2 |
         Swamp |   6093 |   5919 |    174 |    690 |   4585 |   4 | 1523.2 |
   Spider Nest |   2470 |   2339 |    131 |     89 |   1991 |   3 |  823.3 |
  Orcish Mines |   2546 |   2476 |     70 |    372 |   1676 |   2 | 1273.0 |
         Sewer |    200 |    200 |      0 |      0 |    157 |   1 |  200.0 |
      Gauntlet |   1741 |   1741 |      0 |   1136 |    326 |   1 | 1741.0 |
               +--------+--------+--------+--------+--------+-----+--------+

Top non-repeatable levels by time:
     D:3: 3507 daAuts
     D:9: 2727 daAuts
 Swamp:3: 2589 daAuts
     D:8: 2226 daAuts
     D:5: 2157 daAuts
     D:4: 2117 daAuts
    D:13: 2013 daAuts
Gauntlet: 1741 daAuts
  Lair:6: 1721 daAuts
   Orc:2: 1680 daAuts
 Swamp:1: 1613 daAuts
     D:7: 1578 daAuts
    D:15: 1518 daAuts
  Lair:1: 1504 daAuts
  Lair:5: 1456 daAuts
